 Dungeon Crawl Stone Soup version 0.29-a0-993-g4a18f31a58 (webtiles) character file.

Game seed: 1864738565414280813

578 IdlyInterested the Twirler (level 7, -2/52 HPs)
             Began as a Demonspawn Gladiator on Aug 2, 2022.
             Slain by a killer bee (3 damage)
             ... on level 5 of the Dungeon.
             The game lasted 00:10:39 (4811 turns).

IdlyInterested the Twirler (Demonspawn Gladiator)   Turns: 4811, Time: 00:10:39

Health: -2/52      AC: 19    Str: 14    XL:     7   Next: 13%
Magic:  7/7        EV:  6    Int: 11    God:
Gold:   135        SH:  4    Dex: 15    Spells: 6/6 levels left

rFire   . . .      SeeInvis .   k - staff of conjuration
rCold   . . .      Faith    .   (no shield)
rNeg    . . .      Spirit   .   r - +0 chain mail
rPois   .          Reflect  .   c - +0 helmet
rElec   .          Harm     .   (no cloak)
rCorr   .          Rampage  .   (no gloves)
Will    .....                   (no boots)
Stlth   ..........              (no amulet)
HPRegen 0.17/turn               f - +4 ring of protection
MPRegen 0.10/turn               z - +4 ring of protection

@: lethally poisoned (-2 -> -9)
A: molten scales 1, condensation shield, demonic touch 1
a: no special abilities


You were on level 5 of the Dungeon.
You visited 1 branch of the dungeon, and saw 5 of its levels.

You collected 231 gold pieces.
You spent 96 gold pieces at shops.

Inventory:

Hand Weapons
 a - a +1 quarterstaff
Missiles
 d - 3 throwing nets
 e - a javelin
 t - 3 poisoned darts (quivered)
 u - 2 boomerangs
Armour
 b - a +1 leather armour
 c - a +0 helmet (worn)
 r - a +0 chain mail (worn)
 v - a +0 scale mail
Magical Staves
 k - a staff of conjuration (weapon)
Jewellery
 f - a +4 ring of protection (left hand)
 n - a +6 ring of intelligence
 s - a +4 ring of evasion
 z - a +4 ring of protection (right hand)
Wands
 h - a wand of charming (5)
 o - a wand of flame (21)
Scrolls
 i - 2 scrolls of enchant weapon
 x - 4 scrolls of identify
 y - a scroll of teleportation {unknown}
 A - a scroll of torment {unknown}
Potions
 g - 4 potions of brilliance
 j - 3 potions of curing
 l - a potion of haste
 m - 3 potions of heal wounds
 p - 3 potions of might
 q - a potion of magic
 w - a potion of mutation


   Skills:
 - Level 3.0 Fighting
 * Level 6.4 Staves
 - Level 1.7 Throwing
 - Level 2.6 Dodging
 - Level 3.0 Unarmed Combat
 * Level 0.3 Conjurations


You had 6 spell levels left.
You didn't know any spells.
Your spell library was empty.

Dungeon Overview and Level Annotations

Branches:
Dungeon (5/15)
 Temple: D:4-7

Altars:
Gozag

Shops:
D:2 [   D:3 *   D:4 *(


Innate Abilities, Weirdness & Mutations

You are partially covered in molten scales. (AC +2)
A meltable shield of frost defends you. (SH +4)
Your touch may inflict minor irresistible damage on your foes.


Message History

You feel sick. The killer bee stings you.
You are more poisoned.
The killer bee poisons you! You block the killer bee's attack.
The killer bee stings you but does no damage. x4
The ice beast hits you. The ice beast freezes you!
You hit the ice beast but do no damage.
The ice beast is heavily wounded.
* * * LOW HITPOINT WARNING * * *
You feel very sick. The killer bee barely misses you.
The killer bee closely misses you. The killer bee stings you.
* * * LOW HITPOINT WARNING * * *
The killer bee stings you.
* * * LOW HITPOINT WARNING * * *
The killer bee stings you but does no damage. x2
The ice beast hits you but does no damage.
You hit the ice beast but do no damage.
The ice beast is heavily wounded.
* * * LOW HITPOINT WARNING * * *
You feel sick.
The killer bee stings you but does no damage. x3
Unknown command.
You closely miss the ice beast.
You touch the ice beast!
Your punch misses the ice beast.
The ice beast is severely wounded.
* * * LOW HITPOINT WARNING * * *
You feel very sick.
The killer bee stings you but does no damage.
The killer bee barely misses you.
The killer bee stings you but does no damage.
The ice beast hits you but does no damage.
The killer bee completely misses you. The killer bee barely misses you.
The killer bee stings you but does no damage.
You closely miss the ice beast.
The ice beast is severely wounded.
* * * LOW HITPOINT WARNING * * *
You feel sick.
The killer bee stings you but does no damage.
The killer bee stings you.
You die...

..............
...#.........
..#........#
.........#
##........
#.......
..##..yyy#
.......@#
#......Y.#
#........#
.........#
..........
..###...... .
.......
.......##


You could see an ice beast and 3 killer bees.

Vanquished Creatures
  Sigmund (D:2)
  An ogre (D:4)
  A scorpion (D:4)
  An iguana (D:4)
  Jessica (D:2)
  Natasha (twice) (D:4)
  4 gnolls (D:4)
  3 adders
  2 worms (D:2)
  A dart slug (D:1)
  5 orcs
  6 bats
  7 endoplasms
  4 giant cockroaches
  3 goblins
  8 hobgoblins
  10 jackals
  A quokka (D:2)
  6 ball pythons
  A frilled lizard (D:3)
  7 kobolds
  8 rats
83 creatures vanquished.

Notes
Turn   | Place    | Note
-------+----------+-------------------------------------------
     0 | D:1      | IdlyInterested the Demonspawn Gladiator began the quest for
                  | the Orb.
     0 | D:1      | Reached XP level 1. HP: 16/16 MP: 1/1
   217 | D:1      | Reached skill level 3 in Staves
   264 | D:1      | Gained mutation: You are partially covered in molten
                  | scales. (AC +2) [demonic ancestry]
   264 | D:1      | Reached XP level 2. HP: 21/22 MP: 2/2
   850 | D:1      | Found a faded altar of an unknown god.
  1436 | D:2      | Reached XP level 3. HP: 28/28 MP: 3/3
  1668 | D:2      | Noticed Sigmund
  1684 | D:2      | Killed Sigmund
  1685 | D:2      | Reached skill level 5 in Staves
  1685 | D:2      | Gained mutation: Your touch may inflict minor irresistible
                  | damage on your foes. [demonic ancestry]
  1685 | D:2      | Reached XP level 4. HP: 35/35 MP: 4/4
  1685 | D:2      | Reached XP level 5. HP: 41/41 MP: 5/5
  1727 | D:2      | Found Qoygeeta's Armour Shop.
  1834 | D:2      | Noticed Jessica
  1841 | D:2      | Killed Jessica
  2165 | D:2      | Reached skill level 1 in Unarmed Combat
  2550 | D:3      | Gained mutation: A meltable shield of frost defends you.
                  | (SH +4) [demonic ancestry]
  2550 | D:3      | Reached XP level 6. HP: 47/47 MP: 6/6
  3002 | D:3      | Found Pihioz Negei's General Store.
  3086 | D:3      | Bought a potion of mutation for 96 gold pieces
  3716 | D:4      | Reached skill level 6 in Staves
  3724 | D:4      | Found an opulent altar of Gozag.
  4172 | D:4      | Noticed Natasha
  4183 | D:4      | Killed Natasha
  4206 | D:4      | Reached XP level 7. HP: 50/52 MP: 7/7
  4283 | D:4      | Found Ossais's Gadget Gallery.
  4414 | D:4      | Noticed Natasha
  4423 | D:4      | Killed Natasha
  4427 | D:4      | Found Xugosac's Antique Weapon Emporium.
  4800 | D:5      | Entered Level 5 of the Dungeon
  4810 | D:5      | HP: 2/52 [poisoned by a killer bee]
  4811 | D:5      | Slain by a killer bee

Illustrated notes

Levels and vault maps discovered:
D:1:      sevenhm_arrival_forest_fort_large_4, layout_basic,
          hellmonk_ecumenical_altar_leap_of_faith, grunt_decor_one_mirror
D:2:      layout_loops_ring, serial_shops, nicolae_shop_crystal,
          hangedman_decor_points, columned_hall_lemuel, minmay_pentomino_s4,
          uniq_jessica, uniq_sigmund
D:3:      layout_basic, serial_shops, nicolae_lakefront_shop
D:4:      layout_loops_ring, grunt_gozag_breadcrumbs, serial_shops,
          nicolae_shop_hallway_plus, nicolae_shop_gadgets, uniq_natasha
D:5:      layout_cave_pools, uniq_eustachio

Skill      XL: |  1  2  3  4  5  6  7 |
---------------+----------------------+-----
Staves         | 3 5 6 |  6.4
Fighting       | 3 |  3.0
Unarmed Combat | 1 2 3 |  3.0
Throwing       | |  1.7
Dodging        | |  2.6
Conjurations   | |  0.3

Action                   |  1- 3 |  4- 6 |  7- 9 || total
-------------------------+-------+-------+-------++-------
Melee: Quarterstaff      |    98 |       |       ||    98
       Staff             |       |   166 |    39 ||   205
       Touch             |       |    34 |    13 ||    47
       Punch             |       |     3 |       ||     3
  Use: Scroll            |     6 |     7 |       ||    13
 Stab: Sleeping          |     3 |       |       ||     3
Armor: Leather armour    |    35 |    11 |       ||    46
       Chain mail        |       |    90 |    42 ||   132
Dodge: Dodged            |    64 |    68 |    18 ||   150
Block: Other             |       |    13 |     5 ||    18

Table legend: (Time is in decaauts)
 A = Elapsed time spent in this place.
 B = Non-inter-level travel time spent in this place.
 C = Inter-level travel time spent in this place.
 D = Time resting spent in this place.
 E = Time spent auto-exploring this place.
 F = Levels seen in this place.
 G = Mean time per level.
                   A        B        C        D        E       F      G
               +--------+--------+--------+--------+--------+-----+--------+
         Total |   4806 |   4172 |    634 |    904 |   2358 |   5 |  961.2 |
       Dungeon |   4806 |   4172 |    634 |    904 |   2358 |   5 |  961.2 |
               +--------+--------+--------+--------+--------+-----+--------+

Top non-repeatable levels by time:
     D:4: 1424 daAuts
     D:1: 1356 daAuts
     D:3: 1017 daAuts
     D:2: 998 daAuts
     D:5: 9 daAuts
